Map: Tropical Sacrifice

Players

ShoWTimE - Winner!

  • Race: Protoss Protoss
  • Spawn Location: 1:00

Solar

  • Race: Zerg Zerg
  • League: Master
  • Spawn Location: 7:00

Event: HomeStory Cup XXII

VOD

Have the link to the VOD?

Description

Time

  • Played on: Dec. 17, 2022, 2:16 p.m.
  • Length: 17:24

All games in this series

Show
View Real Time Build Order
Export as new Build Order

ShoWTimE Protoss - Winner!

Build Orders: 1 Gate Expand, Oracle Opening 

Get SALT Encoding   

  12  0:00  Probe  
  13  0:12  Probe  
  14  0:19  Pylon  
  14  0:24  Probe  
  15  0:37  Probe (Chrono Boost)  
  15  0:39  Gateway  
  16  0:46  Probe (Chrono Boost)  
  16  0:49  Assimilator  
  17  0:51  Probe (Chrono Boost)  
  18  1:03  Probe  
  19  1:15  Probe  
  20  1:27  Nexus  
  20  1:36  Cybernetics Core  
  20  1:39  Probe  
  21  1:44  Assimilator  
  21  1:51  Probe  
  22  1:54  Pylon  
  22  2:03  Probe  
  23  2:09  Adept (Chrono Boost)  
  23  2:15  Probe  
  26  2:22  Stargate  
  26  2:27  Probe (Chrono Boost)  
  27  2:30  Adept (Chrono Boost)  
  27  2:35  Warp Gate  
  29  2:38  Probe (Chrono Boost)  
  31  2:45  Probe (Chrono Boost)  
  31  2:48  Probe (Chrono Boost)  
  32  2:52  Adept, Probe (Chrono Boost)  
  35  2:59  Probe  
  35  3:05  Oracle (Chrono Boost)  
  36  3:09  Probe  
  36  3:10  Pylon  
  36  3:11  Probe  
  41  3:21  Probe  
  41  3:22  Adept  
  41  3:26  Gateway  
  44  3:27  Probe  
  45  3:39  Oracle (Chrono Boost)  
  45  3:40  Pylon  
  48  3:41  Probe  
  48  3:43  Probe  
  50  3:54  Probe  
  51  4:00  Probe  
  51  4:04  Pylon  
  51  4:06  Probe  
  51  4:07  Oracle (Chrono Boost)  
  53  4:13  Nexus  
  53  4:15  Probe  
  54  4:18  Probe  
  55  4:25  Assimilator  
  55  4:27  Probe  
  55  4:28  Adept  
  55  4:29  Assimilator  
  55  4:30  Probe  
  59  4:32  Adept  
  61  4:40  Probe  
  61  4:42  Probe  
  63  4:52  Probe  
  62  4:54  Probe  
  62  4:55  Robotics Facility  
  63  5:00  Forge  
  63  5:01  Gateway  
  63  5:04  Probe  
  63  5:06  Probe  
  65  5:12  Sentry  
  65  5:13  Sentry  
  65  5:14  Pylon  
  69  5:16  Probe  
  70  5:21  Pylon  
  70  5:25  Probe  
  70  5:28  Probe (Chrono Boost)  
  72  5:30  Probe (Chrono Boost)  
  73  5:36  Protoss Ground Weapons Level 1 (Chrono Boost)  
  73  5:37  Shield Battery  
  73  5:40  Probe (Chrono Boost), Pylon  
  73  5:42  Probe x2 (Chrono Boost)  
  72  5:44  Immortal  
  72  5:49  Robotics Bay, Probe (Chrono Boost)  
  79  5:50  Probe (Chrono Boost)  
  79  5:52  Probe (Chrono Boost)  
  79  5:54  Probe  
  79  5:56  Probe, Stalker  
  82  6:01  Probe  
  84  6:06  Probe  
  84  6:08  Probe  
  84  6:10  Photon Cannon  
  84  6:11  Sentry  
  88  6:13  Assimilator  
  88  6:15  Assimilator  
  89  6:18  Twilight Council  
  89  6:21  Zealot x2  
  92  6:25  Photon Cannon  
  92  6:30  Shield Battery, Photon Cannon  
  92  6:33  Shield Battery  
  92  6:34  Photon Cannon  
  92  6:35  Stalker  
  92  6:37  Disruptor (Chrono Boost)  
  97  6:42  Adept x2  
  101  6:49  Probe  
  100  6:56  Charge (Chrono Boost)  
  100  6:59  Gateway  
  100  7:00  Gateway  
  98  7:01  Disruptor (Chrono Boost)  
  98  7:06  Stalker x3  
  103  7:13  Probe  
  103  7:14  Probe  
  103  7:15  Probe  
  99  7:27  Disruptor (Chrono Boost)  
  99  7:28  Gateway  
  100  7:31  Zealot x3, Gateway  
  100  7:34  Gateway, Probe  
  97  7:38  Probe  
  97  7:39  Probe  
  97  7:40  Protoss Ground Weapons Level 2 (Chrono Boost)  
  97  7:42  Shield Battery  
  97  7:46  Shield Battery, Probe  
  97  7:50  Probe  
  95  7:51  Adept  
  95  7:52  Adept x2  
  95  7:54  Disruptor (Chrono Boost)  
  95  7:58  Zealot x2  
  103  8:00  Probe  
  103  8:02  Assimilator  
  103  8:05  Assimilator  
  102  8:10  Phoenix (Chrono Boost)  
  104  8:15  Photon Cannon  
  104  8:18  Shield Battery, Stalker  
  106  8:21  Zealot  
  108  8:29  Observer  
  109  8:35  Pylon  
  109  8:41  Pylon  
  109  8:42  Pylon  
  109  8:44  Pylon  
  109  8:45  Nexus  
  109  8:47  Pylon  
  109  8:53  Phoenix (Chrono Boost), Probe, Gateway  
  109  8:54  Zealot x2  
  109  8:55  Gateway  
  116  8:57  Pylon  
  116  8:59  Zealot x4  
  124  9:07  Photon Cannon  
  124  9:13  Stalker x2  
  124  9:16  Phoenix (Chrono Boost)  
  125  9:20  Stalker x2  
  127  9:25  Stalker x2  
  127  9:26  Observer  
  127  9:27  Blink (Chrono Boost)  
  127  9:28  Probe  
  133  9:35  Stalker  
  133  9:38  Stalker  
  123  9:46  Stalker x2  
  123  9:47  Stalker  
  127  9:53  Phoenix (Chrono Boost), Observer  
  130  10:00  Stalker  
  130  10:07  Stalker x2  
  130  10:10  Phoenix  
  130  10:13  Stalker x3  
  134  10:19  Probe  
  130  10:23  Protoss Shields Level 1 (Chrono Boost), Probe x2  
  130  10:36  Stalker x5  
  139  10:47  Probe x3  
  142  10:50  Shield Battery, Assimilator  
  142  10:52  Shield Battery, Phoenix (Chrono Boost)  
  142  10:53  Assimilator  
  143  10:59  Zealot x4  
  143  11:01  Probe  
  143  11:02  Probe x2  
  154  11:08  Phoenix (Chrono Boost)  
  154  11:09  Photon Cannon  
  156  11:14  Templar Archives  
  156  11:25  Phoenix (Chrono Boost)  
  156  11:29  Stalker x5  
  156  11:30  Protoss Air Weapons Level 1 (Chrono Boost)  
  168  11:34  Stalker x2  
  172  11:44  Photon Cannon  
  172  11:45  Pylon  
  171  11:50  Pylon  
  171  11:52  Pylon  
  171  12:02  Pylon  
  171  12:03  Phoenix  
  171  12:04  High Templar  
  171  12:05  High Templar x3, Pylon  
  179  12:08  Archon  
  179  12:09  Archon  
  179  12:15  Pylon  
  179  12:17  High Templar x2  
  179  12:21  Probe x2  
  175  12:23  Archon  
  175  12:29  Phoenix  
  177  12:35  Nexus  
  177  12:37  Zealot x6  
  177  12:38  Probe x2  
  191  12:50  Photon Cannon  
  187  12:51  Photon Cannon  
  187  12:56  High Templar x2  
  187  12:57  Protoss Ground Weapons Level 3 (Chrono Boost)  
  190  13:00  Archon  
  190  13:01  High Templar  
  190  13:02  High Templar  
  190  13:04  Probe  
  190  13:05  Shield Battery, Probe  
  196  13:07  Archon, Assimilator  
  196  13:11  Zealot x2, Assimilator  
  188  13:28  Zealot x3  
  188  13:29  Zealot  
  188  13:32  Zealot x2  
  188  13:33  Gateway  
  200  13:35  Gateway  
  200  13:39  Gateway  
  183  13:59  Stalker x6  
  183  14:00  Stalker x4  
  172  14:14  Probe x4  
  172  14:15  Probe  
  166  14:23  High Templar x4  
  166  14:24  High Templar x3  
  162  14:26  Probe x2  
  162  14:28  Archon x3  
  162  14:31  High Templar  
  158  14:34  Pylon  
  158  14:36  Zealot x5, Archon  
  158  14:37  Nexus, Pylon  
  168  14:38  Pylon  
  168  14:44  Observer (Chrono Boost)  
  167  14:55  High Templar x4  
  167  14:57  Photon Cannon  
  167  14:59  Archon x2  
  175  15:00  Disruptor (Chrono Boost), Photon Cannon  
  175  15:02  Photon Cannon  
  175  15:03  Zealot x7  
  175  15:04  Photon Cannon  
  150  15:24  Zealot x7  
  160  15:28  Zealot x2  
  160  15:32  Probe x2  
  166  15:41  High Templar x4  
  174  15:44  Pylon  
  174  15:45  Archon x2  
  174  15:51  Photon Cannon  
  174  15:52  Shield Battery  
  174  15:55  Shield Battery  
  170  15:58  Assimilator  
  170  16:01  High Templar x4, Assimilator  
  170  16:03  Observer (Chrono Boost)  
  175  16:06  Archon  
  175  16:07  Zealot x5, Archon  
  175  16:16  High Templar x2  
  175  16:17  Zealot x2  
  181  16:19  Immortal  
  181  16:21  Archon  
  185  16:41  Stalker x7  
  181  16:48  Stalker x4  
  175  17:04  High Templar x3  
  175  17:05  High Templar  
  175  17:06  Zealot x4  
  189  17:09  Archon  
  189  17:10  Archon  
Show
View Real Time Build Order
Export as new Build Order

Solar Zerg 

Build Orders: Hatch First 

Get SALT Encoding   

  12  0:00  Drone  
  13  0:13  Overlord  
  13  0:18  Drone  
  14  0:32  Drone x2  
  16  0:46  Drone  
  17  0:52  Hatchery  
  17  0:55  Drone  
  17  0:59  Drone  
  18  1:09  Extractor  
  17  1:14  Spawning Pool  
  17  1:17  Drone  
  17  1:20  Drone  
  18  1:28  Drone  
  19  1:40  Drone  
  20  1:51  Overlord  
  20  2:01  Queen  
  22  2:03  Queen  
  22  2:04  Zergling x4  
  26  2:13  Drone  
  26  2:14  Metabolic Boost  
  27  2:15  Drone  
  28  2:24  Drone  
  28  2:25  Drone  
  30  2:38  Hatchery  
  29  2:46  Queen  
  29  2:48  Zergling x2  
  32  2:53  Overlord  
  32  2:55  Drone  
  32  2:58  Zergling x2  
  34  3:00  Drone  
  36  3:05  Zergling x2  
  36  3:10  Queen  
  36  3:12  Drone  
  38  3:25  Drone x2  
  38  3:26  Drone x3  
  43  3:31  Overlord  
  43  3:41  Spore Crawler, Drone  
  43  3:45  Overlord  
  43  3:48  Queen  
  43  3:51  Drone x2  
  43  3:52  Drone  
  47  3:57  Queen  
  47  3:59  Drone  
  47  4:00  Drone  
  47  4:02  Drone  
  51  4:04  Drone  
  51  4:09  Spore Crawler, Drone x2  
  51  4:17  Drone x3  
  51  4:19  Drone x2  
  51  4:21  Overlord  
  51  4:23  Zergling x2  
  57  4:24  Zergling x2  
  57  4:27  Zergling x4  
  57  4:29  Zergling x2  
  61  4:34  Zergling x6  
  63  4:45  Lair  
  63  4:46  Drone x5  
  67  4:54  Extractor  
  67  4:55  Roach Warren, Extractor  
  67  4:56  Drone  
  67  4:58  Drone  
  66  5:00  Drone  
  66  5:01  Drone  
  66  5:03  Drone  
  66  5:04  Drone  
  66  5:06  Drone  
  72  5:07  Drone  
  72  5:08  Drone  
  72  5:13  Overlord  
  73  5:15  Extractor  
  73  5:16  Spore Crawler  
  73  5:20  Pneumatized Carapace  
  71  5:22  Overlord  
  71  5:27  Drone x2  
  73  5:30  Queen  
  72  5:37  Drone  
  72  5:38  Drone x2  
  72  5:39  Overlord  
  74  5:43  Zergling x6  
  74  5:45  Overlord  
  74  5:49  Roach x3  
  83  5:54  Roach x2  
  87  5:57  Roach  
  87  5:58  Roach  
  87  6:00  Roach  
  87  6:01  Roach  
  93  6:04  Roach  
  93  6:07  Roach  
  96  6:16  Zergling x16  
  104  6:22  Zergling x4  
  104  6:24  Overlord  
  105  6:25  Overlord  
  105  6:28  Overlord  
  105  6:31  Ravager x4  
  106  6:33  Overlord  
  106  6:35  Overlord  
  106  6:37  Overlord  
  106  6:43  Ravager  
  106  6:45  Zergling x8  
  111  6:47  Ravager  
  111  6:49  Zergling x6  
  111  6:52  Zergling x8  
  114  6:57  Roach x2  
  114  6:59  Zergling x2  
  114  7:00  Zergling x4  
  116  7:06  Zergling x2  
  97  7:10  Zergling x4  
  96  7:17  Zergling x6  
  96  7:21  Zergling x10  
  96  7:22  Spire  
  97  7:31  Zergling x8  
  97  7:33  Zergling x2  
  97  7:35  Extractor  
  97  7:37  Drone, Extractor  
  95  7:41  Drone  
  95  7:42  Drone  
  93  7:44  Drone x2  
  93  7:45  Evolution Chamber  
  93  7:46  Drone  
  93  7:51  Drone  
  92  7:52  Drone  
  92  7:54  Drone x3, Hatchery  
  92  7:55  Drone  
  90  8:03  Drone  
  90  8:04  Drone  
  90  8:09  Drone  
  93  8:14  Drone  
  93  8:18  Drone  
  95  8:20  Drone  
  95  8:24  Drone  
  95  8:27  Drone  
  94  8:34  Mutalisk x6  
  94  8:38  Corruptor  
  94  8:39  Mutalisk x4  
  115  8:42  Zerg Melee Weapons Level 1  
  115  8:45  Drone x3  
  115  8:47  Extractor  
  115  8:48  Drone  
  115  8:49  Extractor  
  115  8:52  Mutalisk x2  
  115  8:54  Drone  
  119  9:01  Mutalisk  
  121  9:02  Overlord  
  121  9:09  Drone  
  121  9:11  Zergling x12  
  121  9:13  Drone  
  121  9:15  Mutalisk x2  
  132  9:17  Overlord  
  132  9:19  Zergling x4  
  132  9:20  Zergling x2  
  135  9:27  Corruptor x2  
  131  9:32  Mutalisk x2  
  131  9:34  Zergling x4  
  131  9:38  Mutalisk  
  137  9:40  Zergling x2  
  134  9:47  Mutalisk x2  
  134  9:50  Zergling x12  
  144  9:57  Mutalisk x2  
  144  9:59  Zergling x4  
  146  10:01  Zergling x6  
  146  10:04  Overlord  
  149  10:07  Zerg Flyer Weapons Level 1  
  149  10:10  Mutalisk x2  
  149  10:13  Mutalisk  
  138  10:21  Mutalisk x2  
  138  10:23  Zergling x8  
  138  10:25  Drone  
  138  10:26  Drone  
  148  10:28  Mutalisk  
  148  10:34  Zergling x6  
  147  10:37  Hatchery  
  147  10:39  Corruptor  
  147  10:40  Corruptor  
  144  10:42  Baneling Nest  
  144  10:43  Corruptor  
  144  10:45  Zergling x2  
  144  10:48  Drone x3  
  147  10:50  Zerg Melee Weapons Level 2  
  147  10:51  Drone  
  147  10:55  Overlord  
  147  10:56  Corruptor  
  147  10:57  Drone  
  149  11:01  Zergling x8  
  149  11:03  Corruptor  
  157  11:05  Drone  
  157  11:06  Drone  
  157  11:10  Overseer  
  159  11:11  Drone  
  159  11:12  Drone x2  
  159  11:13  Overlord  
  159  11:15  Roach x2  
  166  11:19  Roach  
  166  11:23  Roach x3  
  174  11:26  Zergling x2  
  174  11:27  Overlord  
  174  11:28  Centrifugal Hooks  
  174  11:29  Overlord  
  174  11:31  Baneling x4  
  175  11:33  Drone  
  175  11:38  Roach x3  
  182  11:40  Overlord  
  182  11:42  Baneling x3  
  182  11:43  Baneling x4  
  182  11:44  Drone  
  183  11:48  Drone  
  183  11:50  Zergling x10  
  183  11:54  Spore Crawler  
  188  11:56  Infestation Pit  
  188  12:00  Glial Reconstitution  
  187  12:04  Zergling x18  
  194  12:09  Zergling x10  
  194  12:15  Zergling x2  
  200  12:17  Zergling x4  
  200  12:23  Overseer  
  200  12:24  Corruptor  
  200  12:33  Overseer  
  200  12:36  Hive  
  199  12:38  Baneling x13  
  199  12:39  Baneling x4  
  198  12:46  Zergling x4  
  198  12:48  Baneling x18  
  198  12:50  Hatchery  
  199  12:54  Drone x2, Spine Crawler  
  195  12:58  Zergling x8  
  199  13:06  Zerg Missile Weapons Level 1  
  197  13:24  Zergling x2  
  197  13:25  Zergling x20  
  197  13:26  Hatchery  
  194  13:27  Zergling x8  
  194  13:30  Baneling x2  
  194  13:31  Baneling x14  
  199  13:55  Roach x2  
  173  13:58  Zergling x24  
  173  13:59  Zergling x24  
  185  14:05  Zergling x4  
  185  14:06  Zergling x2  
  171  14:11  Queen x2  
  171  14:14  Adrenal Glands  
  171  14:16  Drone x4  
  157  14:18  Drone x5  
  157  14:20  Drone x2  
  157  14:27  Zergling x14  
  157  14:28  Zergling x2  
  157  14:31  Roach x2, Hatchery  
  162  14:35  Baneling x16  
  162  14:36  Baneling, Ravager  
  162  14:37  Hatchery  
  162  14:38  Ravager x2  
  168  14:39  Baneling  
  168  14:41  Zergling x4  
  168  14:45  Zergling x6  
  169  14:49  Baneling x6  
  169  14:50  Baneling  
  169  14:51  Zergling x2  
  167  14:56  Zergling x8  
  167  14:57  Baneling x2  
  171  15:03  Zergling x10  
  173  15:10  Zergling x10  
  162  15:14  Zergling x4  
  162  15:16  Zergling x2  
  162  15:17  Zergling x2  
  141  15:22  Roach x2  
  141  15:24  Roach x2  
  141  15:26  Roach  
  146  15:29  Roach x2  
  146  15:33  Ravager x2  
  146  15:34  Baneling x5  
  152  15:38  Roach x2  
  152  15:40  Zergling x2  
  152  15:41  Baneling x3  
  157  15:44  Zergling x4  
  157  15:47  Zergling x6  
  157  15:49  Zergling x2  
  162  15:52  Zergling x4  
  162  15:54  Zergling x4  
  162  15:56  Zergling x2  
  165  16:10  Zergling x6  
  165  16:14  Ravager x4  
  165  16:15  Hatchery, Ravager  
  165  16:18  Zergling x4  
  171  16:22  Baneling x4  
  171  16:23  Baneling x2  
  171  16:26  Zergling x2  
  173  16:36  Zergling x12  
  170  16:40  Zergling x4  
  170  16:44  Zergling x2  
  170  16:45  Zergling x8  
  170  16:46  Zergling x2  
  167  16:51  Baneling x5  
  161  16:57  Roach  
  147  17:01  Zergling x2  
  147  17:02  Zergling x2  
  147  17:06  Zergling x6  
Tags
 
Add a new tag
Caveats
  • Supply blocks, unpowered buildings, or Contaminate may cause inaccurate times.
  • Supply counts are checked every 10 seconds.